 Dungeon Crawl Stone Soup version 0.29.1-2-gbd0b4ee654 (webtiles) character file.

Game seed: 8896612527480105037

26915 H0rd4k the Martial Artist (level 13, 0/103 HPs)
             Began as an Octopode Artificer on Nov 29, 2022.
             Was an Initiate of Gozag.
             Succumbed to a cane toad's poison
             ... on level 1 of the Lair of Beasts on Nov 30, 2022.
             The game lasted 00:37:24 (22376 turns).

H0rd4k the Martial Artist (Octopode Artificer)     Turns: 22376, Time: 00:37:25

Health: 0/103      AC: 15    Str: 12    XL:     13   Next: 29%
Magic:  24/28      EV: 10    Int: 17    God:    Gozag
Gold:   2829       SH:  5    Dex: 13    Spells: 19/34 levels left

rFire   x . .      SeeInvis .     - Unarmed
rCold   + + +      Faith    .   (shield currently unavailable)
rNeg    . . .      Spirit   .   (helmet currently unavailable)
rPois   +          Reflect  +   N - amulet of reflection
rElec   .          Harm     .   l - +4 ring of protection
rCorr   +          Rampage  .   v - ring of willpower
Will    +....                   z - +4 ring of protection
Stlth   ++........              w - ring of resist corrosion
HPRegen 0.27/turn               (no ring)
MPRegen 0.21/turn               (no ring)
                                (no ring)
                                (no ring)

@: lethally poisoned (0 -> -37), ice-form
A: freezing attack, boosted hp, almost no armour, amphibious, 8 rings, large,
(camouflage 1), (gelatinous body 1), (nimble swimmer 1), (tentacles)
a: End Transformation, Renounce Religion, Potion Petition, Call Merchant, Bribe
Branch


You were on level 1 of the Lair of Beasts.
You worshipped Gozag.
Gozag was most pleased with you.
You were a creature of crystalline ice.
You visited 3 branches of the dungeon, and saw 15 of its levels.
You also visited: Sewer.

You collected 3033 gold pieces.
You paid 204 gold pieces to Gozag.

Inventory:

Hand Weapons
 t - a +4 dagger of venom
 M - a +2 flail of holy wrath
Missiles
 s - 60 poisoned darts
Armour
 f - an orb of mayhem
Jewellery
 l - a +4 ring of protection (left front paw)
 v - a ring of willpower (right front paw)
 w - a ring of resist corrosion (on tentacle)
 z - a +4 ring of protection (on tentacle)
 N - an amulet of reflection (around neck)
Wands
 b - a wand of flame (29)
 c - a wand of charming (3)
 J - a wand of paralysis (4)
 O - a wand of digging (6)
 P - a wand of polymorph (8)
 T - a wand of acid (2)
Scrolls
 a - 5 scrolls of blinking {unknown}
 d - 4 scrolls of identify
 e - 2 scrolls of enchant weapon {unknown}
 h - 8 scrolls of teleportation {unknown}
 j - 4 scrolls of amnesia
 k - 4 scrolls of enchant armour {unknown}
 n - 2 scrolls of immolation {unknown}
 p - 4 scrolls of poison {unknown}
 r - 7 scrolls of magic mapping
 x - a scroll of torment {unknown}
 y - 4 scrolls of vulnerability
 C - 2 scrolls of fear
 D - 3 scrolls of butterflies {unknown}
 E - a scroll of acquirement {unknown}
 G - a scroll of summoning {unknown}
 K - a scroll of silence {unknown}
Potions
 g - 3 potions of berserk rage {unknown}
 i - 9 potions of curing
 m - 5 potions of attraction
 o - 2 potions of degeneration
 q - 4 potions of lignification
 u - a potion of magic {unknown}
 A - 4 potions of mutation
 B - 2 potions of brilliance
 F - 7 potions of might
 H - a potion of invisibility {unknown}
 I - 2 potions of cancellation {unknown}
 Q - a potion of flight {unknown}
 R - a potion of haste
 S - 8 potions of ambrosia


   Skills:
 + Level 7.4 Fighting
 + Level 0.6 Maces & Flails
 + Level 4.4 Throwing
 - Level 2.3 Dodging
 - Level 1.3 Stealth
 + Level 3.1 Shields
 + Level 11.9 Unarmed Combat
 * Level 11.3 Spellcasting
 * Level 6.2 Transmutations
 * Level 2.3 Ice Magic
 + Level 4.2 Air Magic
 + Level 8.4 Poison Magic
 - Level 3.2 Evocations


You had 19 spell levels left.
You knew the following spells:

 Your Spells              Type           Power      Damage    Failure   Level
a - Poisonous Vapours     Pois/Air       62%        N/A       1%          2
b - Blade Hands           Tmut           15%        N/A       16%         5
c - Olgreb's Toxic Radia  Pois           38%        N/A       2%          4
d - Ice Form              Ice/Tmut       24%        N/A       13%         4

Your spell library contained the following spells:

 Spells                   Type           Power      Damage    Failure   Level
 Sting                    Tmut/Pois      100%       1d8       1%          1
 Passwall                 Tmut/Erth      16%        N/A       3%          2
 Sandblast                Erth           18%        2d7       8%          1
 Frozen Ramparts          Ice            34%        1d6       9%          3
 Call Canine Familiar     Summ           9%         N/A       22%         3
 Gell's Gravitas          Tloc           9%         N/A       22%         3
 Portal Projectile        Hex/Tloc       18%        N/A       22%         3
 Stone Arrow              Conj/Erth      18%        3d8       22%         3
 Teleport Other           Tloc           9%         N/A       22%         3
 Summon Ice Beast         Ice/Summ       13%        N/A       41%         4
 Cause Fear               Hex            4%         N/A       58%         4
 Leda's Liquefaction      Hex/Erth       4%         N/A       58%         4
 Fireball                 Conj/Fire      4%         3d4       91%         5
 Iskenderun's Battlesphe  Conj           9%         2d6       91%         5
 Conjure Ball Lightning   Conj/Air       8%         3x3d6     99%         6
 Dragon Form              Tmut           15%        N/A       99%         7
 Dispersal                Tloc           4%         N/A       100%        6
 Iron Shot                Conj/Erth      4%         9d2       100%        6
 Orb of Destruction       Conj           4%         9d5       100%        7
 Dragon's Call            Summ           4%         N/A       100%        9
 Animate Armour           Summ/Erth      Unusable   N/A       N/A         4

Dungeon Overview and Level Annotations

Branches:
Dungeon (11/15)            Temple (1/1) D:4            Lair (3/5) D:10
 Shoals (0/4) Lair:2        Snake (0/4) Lair:2          Orc (0/2) D:11
  Sewer (visited)

Altars:
Ashenzari
Cheibriados
Dithmenos
Elyvilon
Gozag
Hepliaklqana
Kikubaaqudgha
Makhleb
Nemelex Xobeh
Okawaru
Qazlal
Ru
Sif Muna
Trog
Uskayaw
Vehumet
Wu Jian
Xom
Yredelemnul
Zin
The Shining One

Shops:
D:8 [   D:10 *

Portals:
Trove: D:11 (give +4 demon blade)

Annotations:
D:3 exclusion: downstairs
D:4 exclusion: downstairs
D:7 exclusions: 3 killer bees and steam dragon, Pikel
D:8 1 runed translucent door, exclusions: door and downstairs, jonaskbp's ghost, novice DjSu
D:9 exclusion: 2 downstairs
D:10 exclusion: 2 downstairs
D:11 3 runed translucent doors, exclusions: 3 doors and shadow, Voldus's ghost, journeyman TrBe
Lair:2 exclusion: black mamba
Lair:3 exclusion: upstairs


Innate Abilities, Weirdness & Mutations

You are a creature of crystalline ice.
You have a powerful freezing melee attack.
Your maximum health is increased.
Your armour is entirely melded.
You are incapable of wielding weapons or throwing items.
You cannot wear most types of armour.
You are amphibious.
You can wear up to eight rings at the same time.
((Your skin changes colour to match your surroundings (Stealth+).))
((Your rubbery body absorbs attacks. (AC +1, EV +1)))
((You are camouflaged when in or above water. (Stealth+)))
((You have tentacles for arms and can constrict up to eight enemies at once.))


Message History

There is a stone staircase leading down here.
(D) Dungeon (T) Temple (L) Lair (A) Shoals (P) Snake Pit (O) Orcish Mines
Where to? (Enter - Lair:2, ? - help)
There is a stone staircase leading up here.
You climb upwards.
The cane toad stings you! The cane toad stings you!!
You are poisoned.
The cane toad poisons you! The cane toad stings you!
You are more poisoned.
The cane toad poisons you!
The cane toad stings you but does no damage.
There is a stone staircase leading down, spattered with blood here.
Unknown command.
Casting: Poisonous Vapours (safe; 1% risk of failure)
Confirm with . or Enter, or press ? or * to list all spells.
You turn into a creature of crystalline ice.
You feel extremely sick. You block the cane toad's attack.
The cane toad closely misses you.
Unknown command.
You punch the cane toad!
The cane toad seems to slow down.
You freeze the cane toad.
The cane toad is heavily wounded.
You feel very sick. The cane toad closely misses you. The cane toad stings you!
* * * LOW HITPOINT WARNING * * *
You are more poisoned.
The cane toad poisons you!
You hit the cane toad. You freeze the cane toad.
The cane toad is severely wounded.
* * * LOW HITPOINT WARNING * * *
You feel extremely sick. The cane toad closely misses you.
The cane toad stings you.
* * * LOW HITPOINT WARNING * * *
Unknown command.
Okay, then.
Unknown command.
As you read the scroll of fear, it crumbles to dust.
You assume a fearsome visage.
The cane toad looks frightened! x3
You die...
Your body crumbles into a pile of gold.

... .......#..........
#.. #.#......###### #.#
######......## ##.#
#...........# #
#..####.####.....# ..
#................# #..
#..####.#P.#.#.### ....
#..# #F#P.#...P#
.....###..####Y##.#.#.##
..$....#..#.##F##.....##
..(.$....F.F..F........#
....###..####..........#
# #..P# #..##....#.#
#####.## #..##.#..#.#
####.P##.####..##.#.##.#
.. ........P..##.#..#.#
................#.##.#


You could see 3 cane toads.

Vanquished Creatures
  A hydra (Lair:2)
  A boulder beetle (D:10)
  3 two-headed ogres
  A manticore (Lair:2)
  2 black mambas (Lair:2)
  A torpor snail (Lair:3)
  8 cane toads
  5 komodo dragons
  A queen bee (D:11)
  4 trolls
  A hornet (D:10)
  A wind drake (Lair:2)
  Prince Ribbit (Lair:2)
  14 blink frogs
  30 yaks
  2 wyverns
  A wraith (D:9)
  4 vampire mosquitoes (D:10)
  2 acid dragons
  6 water moccasins
  A sky beast (D:6)
  3 black bears
  2 ogres (D:5)
  4 centaurs
  38 wolves
  7 kobold brigands
  8 bullfrogs
  2 necrophages
  4 scorpions
  13 wights
  23 killer bees
  3 electric eels (D:10)
  9 howler monkeys
  5 hounds
  3 jellies
  3 orc priests
  2 gnoll boudas
  2 iguanas
  10 orc wizards
  Robin (D:2)
  9 gnolls
  11 adders
  6 river rats
  A shadow imp (D:3)
  An ufetubus (D:5)
  3 dart slugs
  31 orcs
  8 ball pythons
  3 endoplasms
  8 giant cockroaches
  9 goblins
  9 hobgoblins
  7 jackals
  31 kobolds
  10 quokkas
  5 bats
  10 frilled lizards
  13 rats
407 creatures vanquished.

Vanquished Creatures (collateral kills)
  An ogre (D:7)
  2 wights (D:9)
  4 goblins (D:2)
7 creatures vanquished.

Vanquished Creatures (others)
  Sigmund (D:2)
  3 wights (D:9)
  An orc wizard (D:6)
  A bush (Lair:2)
  13 fungi
  34 plants
53 creatures vanquished.

Grand Total: 467 creatures vanquished

Notes
Turn   | Place    | Note
-------+----------+-------------------------------------------
     0 | D:1      | H0rd4k the Octopode Artificer began the quest for the Orb.
     0 | D:1      | Reached XP level 1. HP: 13/13 MP: 1/1
   215 | D:1      | Reached skill level 1 in Spellcasting
   217 | D:1      | Reached XP level 2. HP: 10/18 MP: 3/3
  1278 | D:1      | Reached XP level 3. HP: 11/24 MP: 5/5
  1968 | D:2      | Found a faded altar of an unknown god.
  2162 | D:2      | Noticed Sigmund
  2174 | D:2      | Reached skill level 1 in Unarmed Combat
  2177 | D:2      | Your ally Sigmund died
  2209 | D:2      | Noticed Robin
  2222 | D:2      | Reached XP level 4. HP: 19/29 MP: 6/6
  2228 | D:2      | Killed Robin
  2653 | D:2      | Noticed a scorpion
  2662 | D:2      | Killed a scorpion
  2663 | D:2      | Reached XP level 5. HP: 25/36 MP: 8/8
  3582 | D:3      | Found a radiant altar of Vehumet.
  3649 | D:3      | Found an ornate altar of the Wu Jian Council.
  3927 | D:4      | Reached XP level 6. HP: 34/41 MP: 8/10
  4234 | D:4      | Found a staircase to the Ecumenical Temple.
  4263 | Temple   | Entered the Ecumenical Temple
  4342 | D:4      | Reached skill level 1 in Throwing
  4527 | D:4      | Reached XP level 7. HP: 45/46 MP: 11/11
  5254 | D:5      | Entered Level 5 of the Dungeon
  5269 | D:5      | Found a stormy altar of Qazlal.
  5346 | D:5      | Reached skill level 5 in Unarmed Combat
  5629 | D:5      | Found an iron altar of Okawaru.
  5818 | D:5      | Found an ancient bone altar of Kikubaaqudgha.
  5838 | D:5      | Found a hide-covered altar of Uskayaw.
  6454 | D:5      | Found a sacrificial altar of Ru.
  6760 | D:6      | Reached XP level 8. HP: 53/54 MP: 13/13
  7032 | D:6      | Found a glowing drain.
  7037 | Sewer    | Entered a sewer
  8307 | D:6      | Reached XP level 9. HP: 56/59 MP: 15/15
  8580 | D:7      | Found a white marble altar of Elyvilon.
  8830 | D:7      | Noticed Pikel
  8839 | D:7      | Reached skill level 5 in Fighting
  8907 | D:7      | Learned a level 2 spell: Poisonous Vapours
  9856 | D:8      | Noticed a troll
  9867 | D:8      | Killed a troll
  9868 | D:8      | Reached skill level 1 in Poison Magic
 10015 | D:8      | Reached skill level 5 in Spellcasting
 10027 | D:8      | Found Tirpheas's Antique Armour Emporium.
 10109 | D:8      | Reached skill level 1 in Shields
 10519 | D:8      | Found a runed translucent door.
 10519 | D:8      | Noticed jonaskbp's ghost (novice DjSu)
 11720 | D:9      | Found an opulent altar of Gozag.
 11742 | D:9      | Became a worshipper of Gozag Ym Sagoz the Greedy
 11755 | D:9      | Reached XP level 10. HP: 55/68 MP: 16/18
 11879 | D:9      | Noticed a two-headed ogre
 11940 | D:9      | Killed a two-headed ogre
 12440 | D:9      | Reached skill level 1 in Air Magic
 12843 | D:9      | Reached skill level 10 in Unarmed Combat
 13194 | D:9      | Found a burning altar of Makhleb.
 13304 | D:9      | Found a bloodstained altar of Trog.
 13443 | D:10     | Entered Level 10 of the Dungeon
 13481 | D:10     | Noticed a two-headed ogre
 13496 | D:10     | Killed a two-headed ogre
 13992 | D:10     | Learned a level 5 spell: Blade Hands
 14010 | D:10     | Noticed a two-headed ogre
 14019 | D:10     | Killed a two-headed ogre
 14020 | D:10     | Reached skill level 1 in Transmutations
 14020 | D:10     | Reached skill level 5 in Poison Magic
 14020 | D:10     | Reached XP level 11. HP: 69/74 MP: 14/20
 14490 | D:10     | Found a staircase to the Lair.
 14823 | D:10     | Found Miots's General Store.
 14908 | D:10     | Learned a level 4 spell: Olgreb's Toxic Radiance
 15503 | D:11     | Noticed a boulder beetle
 15511 | D:11     | Noticed an eight-headed hydra
 15787 | D:10     | Killed a boulder beetle
 16558 | D:11     | Noticed a frost giant
 16565 | D:11     | Found a runed translucent gate.
 16565 | D:11     | Found a runed translucent gate.
 16566 | D:11     | Found a runed translucent gate.
 16566 | D:11     | Found a staircase to the Orcish Mines.
 16566 | D:11     | Noticed a two-headed ogre
 16567 | D:11     | Noticed a two-headed ogre
 16569 | D:11     | Noticed Voldus's ghost (journeyman TrBe)
 16586 | D:11     | Identified the +8 dagger "Mehawk" {venom, +Blink Fly rF+
                  | Dex-2}
 16909 | D:11     | Noticed a cyclops
 16962 | D:11     | Found a portal to a secret trove of treasure.
 17336 | Lair:1   | Entered Level 1 of the Lair of Beasts
 17819 | Lair:2   | Reached XP level 12. HP: 59/81 MP: 24/24
 18051 | Lair:2   | Found a staircase to the Snake Pit.
 18290 | Lair:2   | Noticed Prince Ribbit
 19503 | Lair:2   | Noticed a seven-headed hydra
 19552 | Lair:2   | Learned a level 4 spell: Ice Form
 19582 | Lair:2   | Reached skill level 5 in Transmutations
 19590 | Lair:2   | Reached skill level 10 in Spellcasting
 19780 | Lair:2   | Found a staircase to the Shoals.
 19784 | Lair:2   | Noticed a six-headed hydra
 20262 | Lair:2   | Killed a seven-headed hydra
 20528 | Lair:2   | Reached skill level 1 in Ice Magic
 20540 | Lair:2   | Killed Prince Ribbit
 21696 | Lair:3   | Reached XP level 13. HP: 83/86 MP: 11/27
 22376 | Lair:1   | Succumbed to a cane toad's poison

Illustrated notes

Levels and vault maps discovered:
D:1:      minmay_arrival_plants_in_alcoves, layout_loops_ring
D:2:      layout_basic, hellmonk_ecumenical_altar_arch_garden, uniq_robin,
          uniq_sigmund
D:3:      layout_rooms, nzn_wu_jian_contemplation, nicolae_vehumet_radiance,
          minmay_starry_boxes
D:4:      layout_gridville, temple_pool_b
D:5:      layout_layer_cave, nicolae_ru_the_path_less_chosen,
          nicolae_qazlal_eye_of_the_storm, okawaru_metal_pillars_1_2,
          nicolae_overflow_hidden_temple
D:6:      layout_basic, gup_sewer_entry_spiral,
          nicolae_concentric_dashed_squares_mild, grunt_decor_mini_mirrors,
          minivault_27
D:7:      layout_layer_cave, lemuel_coloured_pillars_altar, elyvilon_altar_5,
          uniq_pikel
D:8:      layout_layer_cave, serial_shops, kennysheep_mini_moat,
          hellmonk_ghost_happy_afterlife
D:9:      layout_grid_maze, mainiacjoe_overflow_concentric_impassable,
          mainiacjoe_overflow_surrounded_room, trog_ov_bears_minmay
D:10:     layout_roguey, erik_lair_island, serial_shops,
          nicolae_shop_behind_doors
D:11:     layout_cave_pools, gammafunk_ghost_split, special_room
          [special_room_bee], enter_trove_6, kennysheep_cross_room
Temple:   eino_wide_crystal_templ
Lair:1:   layout_loops_ring, beast_lair_carwin_2
Lair:2:   layout_cave_pods, minmay_shoals_entry_beasts, dummy_snake_entry,
          uniq_prince_ribbit2
Lair:3:   layout_cave_pods, grunt_forest_large_clearings, lemuel_fruit_tree

Skill      XL: |  1  2  3  4  5  6  7  8  9 10 11 12 13 |
---------------+----------------------------------------+-----
Spellcasting   | 1 2 3 4 5 6 8 10 11 | 11.3
Fighting       | 2 3 4 5 6 7 |  7.4
Unarmed Combat | 1 2 3 4 5 7 9 10 11 | 11.9
Throwing       | 1 2 3 4 |  4.4
Poison Magic   | 2 5 6 7 8 |  8.4
Shields        | 1 2 3 |  3.1
Air Magic      | 2 3 4 |  4.2
Transmutations | 1 4 5 6 |  6.2
Ice Magic      | 1 2 |  2.3
Maces & Flails | |  0.6
Dodging        | |  2.3
Stealth        | |  1.3
Evocations     | |  3.2

Action                   |  1- 3 |  4- 6 |  7- 9 | 10-12 | 13-15 || total
-------------------------+-------+-------+-------+-------+-------++-------
Melee: Unarmed           |   101 |   105 |   381 |   313 |    51 ||   951
       Constrict         |    28 |    30 |    87 |    56 |     4 ||   205
       Club              |     2 |       |       |       |       ||     2
       Tentacles         |    19 |    35 |   123 |    77 |     7 ||   261
       Punch             |     2 |     3 |    18 |    36 |     4 ||    63
       Flail             |       |       |     6 |       |       ||     6
Throw: Dart              |       |    16 |    56 |     1 |       ||    73
 Cast: Poisonous Vapours |       |       |       |   137 |     1 ||   138
       Olgreb's Toxic Ra |       |       |       |    40 |     9 ||    49
       Ice Form          |       |       |       |     6 |     2 ||     8
Evoke: Wand              |     1 |     3 |    11 |    31 |       ||    46
  Use: Scroll            |       |       |     9 |     5 |     1 ||    15
       Potion            |       |       |       |     6 |       ||     6
 Stab: Sleeping          |     7 |     4 |    15 |     1 |       ||    27
       Paralysed         |       |       |     5 |    17 |       ||    22
       Distracted        |       |       |     1 |     3 |     1 ||     5
Armor: Skin              |    16 |    25 |   116 |    84 |     7 ||   248
Dodge: Dodged            |    60 |    67 |   175 |   203 |    14 ||   519
Block: Other             |       |       |    35 |    73 |     6 ||   114
       Reflection        |       |       |     2 |     1 |       ||     3
